 Dungeon Crawl Stone Soup version 0.29.1-2-gbd0b4ee654 (webtiles) character file.

Game seed: 14982307102777562690

21803 DildoBatman the Black Sun (level 13, -2/95 (96) HPs)
             Began as a Formicid Conjurer on Nov 22, 2022.
             Was a High Priest of Kikubaaqudgha.
             Killed from afar by ymhsbmbesitwf's ghost (15 damage)
             ... with a stone arrow
             ... on level 8 of the Dungeon on Nov 23, 2022.
             The game lasted 00:56:01 (15276 turns).

DildoBatman the Black Sun (Formicid Conjurer)      Turns: 15276, Time: 00:56:01

HP:   -2/95 (96)    AC: 12    Str: 12    XL:     13   Next: 22%
MP:   8/23          EV: 12    Int: 23    God:    Kikubaaqudgha [*****.]
Gold: 1246          SH: 10    Dex: 12    Spells: 11/26 levels left

rFire   . . .      SeeInvis +   b - +4 mace (protect)
rCold   . . .      Faith    .   e - +0 kite shield
rNeg    . . .      Spirit   .   o - +3 troll leather armour
rPois   .          Reflect  .   (helmet unavailable)
rElec   .          Harm     .   w - +0 cloak
rCorr   .          Rampage  .   H - +0 pair of gloves of the Goldsmith {Stlth+}
Will    +....                   n - +0 pair of boots
Stlth   +++.......              r - amulet of regeneration
HPRegen 1.85/turn               (no ring)
MPRegen 0.18/turn               (no ring)

@: lightly drained
A: permanent stasis, dig shafts and tunnels, antennae 3, four strong arms
a: Dig, Shaft Self, Renounce Religion, Unearth Wretches, Torment


You were on level 8 of the Dungeon.
You worshipped Kikubaaqudgha.
Kikubaaqudgha was extremely pleased with you.
You visited 3 branches of the dungeon, and saw 16 of its levels.

You collected 1645 gold pieces.
You spent 399 gold pieces at shops.

Inventory:

Hand Weapons
 a - a +0 arbalest
 b - a +4 mace of protection (weapon)
 l - a +4 spear
Missiles
 s - 39 poisoned darts
 E - 2 throwing nets
Armour
 e - a +0 kite shield (worn)
 k - a +2 robe of willpower
 n - a +0 pair of boots (worn)
 o - a +3 troll leather armour (worn)
 w - a +0 cloak (worn)
 x - the +2 ring mail "Haeq" {rPois Int+6 Slay+3}
   (You found it on level 5 of the Dungeon)

   Int:       It affects your intelligence (+6).
   Slay:      It affects your accuracy & damage with ranged weapons and melee
   (+3).
   rPois:     It protects you from poison.
 H - the +0 pair of gloves of the Goldsmith (worn) {Stlth+}
   (You bought it in a shop on level 2 of the Orcish Mines)

   Stlth:     It makes you more stealthy.
Jewellery
 g - an amulet of reflection
 r - an amulet of regeneration (around neck)
 L - a ring of ice
 Q - a ring of ice
Wands
 c - a wand of iceblast (6)
 t - a wand of flame (26)
 I - a wand of paralysis (5)
 M - a wand of quicksilver (8)
 N - a wand of mindburst (6)
Scrolls
 d - a scroll of fog {unknown}
 f - a scroll of amnesia
 h - 4 scrolls of immolation
 j - 3 scrolls of poison
 q - a scroll of brand weapon
 z - a scroll of identify
 A - a scroll of enchant weapon
 B - a scroll of blinking {unknown}
 C - 2 scrolls of noise {unknown}
 D - 3 scrolls of torment
 F - 3 scrolls of fear
 J - a scroll of magic mapping {unknown}
Potions
 i - 2 potions of attraction {unknown}
 m - 3 potions of might
 p - 2 potions of heal wounds {unknown}
 u - 4 potions of flight
 v - 3 potions of curing {unknown}
 y - 3 potions of magic
 G - 2 potions of resistance
 K - a potion of brilliance {unknown}
Miscellaneous
 P - a condenser vane


   Skills:
 - Level 7.5 Fighting
 - Level 7.6 Armour
 - Level 5.6 Dodging
 - Level 2.4 Stealth
 - Level 9.0 Shields
 - Level 7.0 Spellcasting
 - Level 6.0 Conjurations
 - Level 12.0 Necromancy
 * Level 9.5 Earth Magic


You had 11 spell levels left.
You knew the following spells:

 Your Spells              Type           Power      Damage    Failure   Level
a - Borgnjor's Vile Clut  Necr/Erth      27%        N/A       6%          5
b - Dispel Undead         Necr           58%        3d21      1%          4
c - Searing Ray           Conj           70%        2d7       2%          2
d - Vampiric Draining     Necr           58%        2d10      1%          3
e - Magic Dart            Conj           100%       1d8       1%          1

Your spell library contained the following spells:

 Spells                   Type           Power      Damage    Failure   Level
 Necrotise                Necr           100%       1d9       1%          1
 Animate Dead             Necr           58%        N/A       1%          4
 Agony                    Necr           58%        N/A       3%          5
 Shock                    Conj/Air       84%        1d8       5%          1
 Static Discharge         Conj/Air       21%        3-6/arc   9%          2
 Dazzling Flash           Conj/Hex       42%        N/A       16%         3
 Anguish                  Hex/Necr       17%        N/A       16%         4
 Death Channel            Necr           29%        N/A       21%         6
 Leda's Liquefaction      Hex/Erth       14%        N/A       26%         4
 Corpse Rot               Necr/Pois/Air  26%        N/A       34%         4
 Fulminant Prism          Conj/Hex       10%        3d9       47%         4
 Iskenderun's Mystic Bla  Conj/Tloc      21%        2d6       47%         4
 Sticky Flame             Conj/Fire      21%        2d4       47%         4
 Call Canine Familiar     Summ           8%         N/A       50%         3
 Portal Projectile        Hex/Tloc       16%        N/A       50%         3
 Airstrike                Air            4%         2d(1-17)  88%         4
 Summon Forest            Summ/Tloc      4%         N/A       99%         5
 Summon Mana Viper        Hex/Summ       8%         N/A       99%         5
 Summon Cactus Giant      Summ           4%         N/A       100%        6
 Swiftness                Air            Unusable   N/A       N/A         3

Dungeon Overview and Level Annotations

Branches:
Dungeon (13/15)            Temple (1/1) D:6            Lair (0/5) D:8
    Orc (2/2) D:9             Elf (0/3) Orc:2
 Vaults: D:13-14

Altars:
Ashenzari
Cheibriados
Dithmenos
Elyvilon
Fedhas
Gozag
Hepliaklqana
Kikubaaqudgha
Makhleb
Nemelex Xobeh
Okawaru
Qazlal
Ru
Sif Muna
Trog
Uskayaw
Vehumet
Wu Jian
Xom
Yredelemnul
Zin
The Shining One

Shops:
D:2 (   Orc:1 (   Orc:2 *(([[

Annotations:
D:8 ymhsbmbesitwf's ghost, novice DrWn
D:10 Erica
D:12 exclusion: hydra


Innate Abilities, Weirdness & Mutations

You cannot be hasted, slowed, berserked, paralysed or teleported.
You can dig through walls and to a lower floor.
You have a pair of large antennae on your head. (SInv)
Your four strong arms can wield two-handed weapons with a shield.


Message History

You hit the shock serpent.
Your weapon exudes an aura of protection.
The shock serpent is moderately wounded.
The zombie hands constrict the shock serpent!
The shock serpent bites you! The shock serpent shocks you!
The shock serpent's electric aura discharges, shocking you!
The two-headed ogre hits you with a +0 giant club!
The two-headed ogre closely misses you. The shock serpent misses you.
Casting: Borgnjor's Vile Clutch (dangerous; 6% risk of failure)
Confirm with . or Enter, or press ? or * to list all spells.
Aiming: Vampiric Draining (safe; 1% risk of failure)
Press: ? - help, Shift-Dir - straight line, f/p - shock serpent
Aim: a shock serpent shaped shifter (moderately wounded, constricted by zombie hands)
You draw life force from the shock serpent!
You feel life coursing into your body.
The shock serpent's electric aura discharges, shocking you!
The zombie hands constrict the shock serpent!
The shock serpent shoots out a bolt of lightning at you!
The bolt of electricity misses you.
The shock serpent's electric aura discharges, shocking you!
The two-headed ogre hits you with a +0 giant club!!
You block the two-headed ogre's attack.
The shock serpent shoots out a bolt of lightning at you!
The bolt of electricity misses you.
Casting: Vampiric Draining (safe; 1% risk of failure)
Confirm with . or Enter, or press ? or * to list all spells.
Aiming: Vampiric Draining (safe; 1% risk of failure)
Press: ? - help, Shift-Dir - straight line, f/p - shock serpent
Aim: a shock serpent shaped shifter (almost dead, constricted by zombie hands)
You draw life force from the shock serpent!
You kill the shock serpent!
Kikubaaqudgha accepts your kill.
You feel life coursing into your body.
The air sparks with electricity, shocking you!
Ymhsbmbesitwf's ghost points at you and mumbles some strange words.
The stone arrow hits you!
You die...
Kikubaaqudgha rasps: "You have failed me!
Welcome... death!"

#####..###.###....#'##)...####...
##.....##...##....#..)#...#######
##.#.#####.###..##.............#
##.#............##.............##
'..#.............................
#................................
#...............)#########.......
#......###.#.....#.......#.....#.
#......###....#.@#...#n..#.....##
##.....##...<..WOn..#.#..#.....##
##.....##........'.......#.....##
.................'..#.#..#.......
.................#..!#...#.....##
.................#...[..{#.....##
.................#########.....##
.............................))##
............................##.##


You could see a two-headed ogre, a necrophage and ymhsbmbesitwf's ghost.

Vanquished Creatures
  An orc warlord (Orc:2)
  A catoblepas (D:12)
  3 orc high priests (Orc:2)
  A shock serpent (shapeshifter) (D:8)
  Pikel (D:6)
  An ugly thing (D:12)
  3 orc sorcerers (Orc:2)
  2 cyclopes (D:12)
  A manticore (D:13)
  Maurice (D:10)
  A gargoyle (D:12)
  Maggie (D:10)
  Psyche (D:10)
  4 trolls
  2 hornets
  A wyvern (D:11)
  13 yaks
  A wraith (D:10)
  2 basilisks (D:12)
  Grum (D:7)
  A steam dragon (D:8)
  2 vampire mosquitoes (D:10)
  5 wargs
  Edmund (D:5)
  2 acid dragons
  A water moccasin (D:6)
  38 orc warriors
  An ice beast (D:7)
  A swamp drake (D:9)
  8 ogres
  2 black bears
  3 wolves
  3 centaurs
  4 lemures
  6 kobold brigands
  A bullfrog (D:7)
  2 necrophages (D:5)
  7 earth elementals (D:12)
  4 gnoll sergeants
  3 scorpions
  9 wights
  4 killer bees (D:11)
  2 howler monkeys (D:12)
  A hound (D:6)
  21 orc priests
  6 iguanas
  28 orc wizards
  10 adders
  18 gnolls
  3 white imps
  An ufetubus (D:5)
  2 worms
  2 dart slugs
  107 orcs
  5 endoplasms
  4 giant cockroaches
  5 goblins
  7 hobgoblins
  3 jackals (D:2)
  6 quokkas
  5 ball pythons
  4 bats
  6 frilled lizards
  31 kobolds
  8 rats
  A spectral orc (D:7)
436 creatures vanquished.

Vanquished Creatures (others)
  7 fungi (D:8)
  5 plants (D:8)
12 creatures vanquished.

Grand Total: 448 creatures vanquished

Notes
Turn   | Place    | Note
-------+----------+-------------------------------------------
     0 | D:1      | DildoBatman the Formicid Conjurer began the quest for the
                  | Orb.
     0 | D:1      | Reached XP level 1. HP: 13/13 MP: 3/3
   241 | D:1      | Found a faded altar of an unknown god.
   278 | D:1      | Reached XP level 2. HP: 19/19 MP: 1/5
   281 | D:1      | Learned a level 2 spell: Searing Ray
   830 | D:2      | Reached XP level 3. HP: 24/24 MP: 0/6
  1027 | D:2      | Reached XP level 4. HP: 22/30 MP: 2/7
  1062 | D:2      | Found Sopam's Antique Weapon Shop.
  1152 | D:2      | Reached skill level 5 in Conjurations
  2096 | D:4      | Reached XP level 5. HP: 35/35 MP: 4/8
  2349 | D:4      | Reached XP level 6. HP: 24/42 MP: 3/9
  2445 | D:5      | Entered Level 5 of the Dungeon
  2528 | D:5      | Reached skill level 1 in Fighting
  2528 | D:5      | Reached skill level 1 in Armour
  2832 | D:5      | Noticed Edmund
  2837 | D:5      | Found a glowing golden altar of the Shining One.
  2923 | D:5      | Reached XP level 7. HP: 50/50 MP: 7/11
  3147 | D:5      | Reached skill level 1 in Shields
  3183 | D:5      | Identified the +2 ring mail "Haeq" {rPois Int+6 Slay+3}
  4026 | D:6      | Reached skill level 5 in Shields
  4026 | D:6      | Reached XP level 8. HP: 58/58 MP: 2/13
  4223 | D:6      | Noticed Pikel
  4736 | D:6      | Found a staircase to the Ecumenical Temple.
  4743 | Temple   | Entered the Ecumenical Temple
  5348 | D:7      | Reached XP level 9. HP: 36/64 MP: 4/14
  5613 | D:7      | Found a basalt altar of Yredelemnul.
  6093 | D:8      | Noticed a troll
  6093 | D:8      | Found a runed translucent gate.
  6093 | D:8      | Found a runed translucent gate.
  6093 | D:8      | Found a runed translucent gate.
  6238 | D:8      | Noticed Grum
  6419 | D:8      | Found a staircase to the Lair.
  6484 | D:8      | Reached skill level 5 in Fighting
  6484 | D:8      | Reached skill level 5 in Armour
  6484 | D:8      | Reached skill level 5 in Spellcasting
  6486 | D:8      | Noticed an unseen horror
  6491 | D:8      | Noticed a two-headed ogre
  6494 | D:8      | Noticed ymhsbmbesitwf's ghost (novice DrWn)
  6529 | D:8      | Noticed a hornet
  6596 | D:7      | Killed Grum
  6715 | D:8      | Found a glowing silver altar of Zin.
  7061 | D:8      | Noticed a moth of wrath
  7130 | D:9      | Reached XP level 10. HP: 65/74 MP: 11/20
  7300 | D:9      | Found an ancient bone altar of Kikubaaqudgha.
  7304 | D:9      | Became a worshipper of Kikubaaqudgha
  7502 | D:5      | Killed Edmund
  7586 | D:6      | Killed Pikel
  7878 | D:8      | Noticed a salamander
  8049 | D:8      | Noticed a two-headed ogre
  8054 | D:8      | Noticed a glowing orange brain
  8054 | D:8      | a two-headed ogre changed into a glowing orange brain
  8491 | D:9      | Found a staircase to the Orcish Mines.
  8756 | D:10     | Entered Level 10 of the Dungeon
  8776 | D:10     | Noticed Psyche
  8785 | D:10     | Killed Psyche
  8901 | D:10     | Reached skill level 5 in Dodging
  8966 | D:10     | Reached * piety under Kikubaaqudgha
  8966 | D:10     | Received a gift from Kikubaaqudgha
  8971 | D:10     | Learned a level 3 spell: Vampiric Draining
  8983 | D:10     | Noticed Maurice
  9026 | D:10     | Killed Maurice
  9027 | D:10     | Reached XP level 11. HP: 82/84 MP: 2/21
  9082 | D:10     | Learned a level 4 spell: Dispel Undead
  9114 | D:10     | Noticed Erica
  9257 | D:10     | Reached skill level 1 in Necromancy
  9267 | D:10     | Reached skill level 2 in Necromancy
  9354 | D:10     | Noticed Maggie
  9371 | D:10     | You fall into a shaft and drop 3 floors!
  9379 | D:13     | Noticed a centaur warrior
  9429 | D:13     | Noticed a manticore
  9458 | D:13     | Reached skill level 3 in Necromancy
  9460 | D:13     | Killed a manticore
  9461 | D:13     | Reached skill level 4 in Necromancy
  9654 | D:11     | Reached skill level 5 in Necromancy
  9720 | D:11     | Reached skill level 6 in Necromancy
  9962 | D:11     | Reached skill level 7 in Necromancy
 10907 | D:12     | Reached ** piety under Kikubaaqudgha
 10942 | D:12     | Noticed a brown ugly thing
 10963 | D:12     | Killed a brown ugly thing
 10964 | D:12     | Reached skill level 8 in Necromancy
 11852 | D:12     | Noticed a catoblepas
 11942 | D:12     | Killed a catoblepas
 11943 | D:12     | Reached skill level 9 in Necromancy
 11943 | D:12     | Reached XP level 12. HP: 48/91 MP: 4/22
 12155 | D:12     | Noticed a seven-headed hydra
 12209 | D:12     | Reached skill level 10 in Necromancy
 12471 | D:10     | Killed Maggie
 12581 | Orc:1    | Entered Level 1 of the Orcish Mines
 12624 | Orc:1    | Found Jeoroto's Antique Weapon Boutique.
 13063 | Orc:2    | Entered Level 2 of the Orcish Mines
 13095 | Orc:2    | Reached skill level 11 in Necromancy
 13265 | Orc:2    | Reached *** piety under Kikubaaqudgha
 13265 | Orc:2    | Received a gift from Kikubaaqudgha
 13274 | Orc:2    | Learned a level 5 spell: Borgnjor's Vile Clutch
 13413 | Orc:2    | Reached skill level 1 in Earth Magic
 13749 | Orc:2    | Found a staircase to the Elven Halls.
 13768 | Orc:2    | Found Gixt's Antique Weapon Shoppe.
 13916 | Orc:2    | Reached **** piety under Kikubaaqudgha
 14139 | Orc:2    | Reached skill level 12 in Necromancy
 14199 | Orc:2    | Found Icek Urghi's General Store.
 14204 | Orc:2    | Bought a scroll of immolation for 48 gold pieces
 14349 | Orc:2    | Noticed an orc high priest
 14351 | Orc:2    | Noticed an orc warlord
 14353 | Orc:2    | Reached skill level 5 in Earth Magic
 14369 | Orc:2    | Killed an orc high priest
 14444 | Orc:2    | Noticed an orc high priest
 14495 | Orc:2    | Killed an orc warlord
 14496 | Orc:2    | Reached XP level 13. HP: 96/96 MP: 0/23
 14678 | Orc:2    | Found Naobram's Antique Weapon Shop.
 14680 | Orc:2    | Found Puutom's Antique Armour Boutique.
 14687 | Orc:2    | Bought a pair of bloodstained gloves for 351 gold pieces
 14687 | Orc:2    | Identified the +0 pair of gloves of the Goldsmith {Stlth+}
                  | (You bought it in a shop on level 2 of the Orcish Mines)
 14710 | Orc:2    | Reached ***** piety under Kikubaaqudgha
 14818 | Orc:2    | Found Qyseej's Antique Armour Shop.
 15276 | D:8      | Killed from afar by ymhsbmbesitwf's ghost

Illustrated notes

Levels and vault maps discovered:
D:1:      scummos_arrival_checkerplants, layout_basic,
          hellmonk_ecumenical_altar_leap_of_faith, chequers_serial_rivers_room_b
D:2:      layout_rooms, serial_shops, shop
D:3:      layout_basic
D:4:      layout_rooms
D:5:      layout_basic, lemuel_doored_altar, uniq_edmund
D:6:      layout_basic, minmay_temple_entry_junction, minmay_holes,
          roderic_roman_lattice, uniq_pikel
D:7:      layout_loops_cross, yredelemnul_forgotten_temple_becter
D:8:      layout_basic, mainiacjoe_overflow_alcove_2, dpeg_oklobed_lair,
          gammafunk_ghost_split, minmay_misc_feat_hallway, uniq_grum
D:9:      layout_loops_ring, lemuel_crystal_altar, erik_orc_1
D:10:     layout_basic, st_stairs_4, chequers_mini_garden, uniq_erica,
          uniq_psyche, uniq_maggie, uniq_maurice
D:11:     layout_basic, serial_co_window_serial, co_window_cross_1,
          co_window_paths_b, co_window_corner_a, co_window_corner_a,
          co_window_of_opportunity_a, co_window_of_opportunity_a,
          co_window_paths_a, co_window_corner_b, co_window_2corner,
          co_window_cross_3, co_window_broadway_a, co_window_4corner_a,
          co_window_paths_e, glass_columns_b, glass_columns_a, glass_columns_a
D:12:     layout_stronghold, small_statue_intersection,
          hangedman_cracks_in_the_wall
D:13:     layout_layer_cave, ebering_ghost_funeral_grove, fedhas_altar_4,
          uniq_frances
Temple:   eino_narrow_crystal_temple
Orc:1:    layout_caves, basic_altar, serial_shops, shop
Orc:2:    grunt_orc_community_town_hall, layout_diamond_mine,
          grunt_orc_community_big_house_2, grunt_orc_community_big_house_2,
          grunt_orc_community_house_2, grunt_orc_community_house_2,
          grunt_orc_community_house_1, grunt_orc_community_house_3,
          grunt_orc_community_house_1, grunt_orc_community_house_3,
          serial_shops, shop, basic_altar

Skill      XL: |  1  2  3  4  5  6  7  8  9 10 11 12 13 |
---------------+----------------------------------------+-----
Conjurations   | 4 5 6 |  6.0
Fighting       | 2 3 5 7 |  7.5
Armour         | 2 3 5 7 |  7.6
Dodging        | 2 3 5 |  5.6
Spellcasting   | 3 6 7 |  7.0
Shields        | 5 9 |  9.0
Necromancy     | 9 12 | 12.0
Earth Magic    | 7 9 |  9.5
Stealth        | |  2.4

Action                   |  1- 3 |  4- 6 |  7- 9 | 10-12 | 13-15 || total
-------------------------+-------+-------+-------+-------+-------++-------
Melee: Short sword       |     7 |       |       |       |       ||     7
       Spear             |    29 |    19 |    69 |  1054 |    47 ||  1218
       Punch             |     1 |       |       |       |       ||     1
       Dagger            |       |       |     4 |       |       ||     4
       Mace              |       |       |       |       |    25 ||    25
 Fire: Arbalest          |       |    38 |    90 |    76 |    31 ||   235
 Cast: Magic Dart        |    44 |    56 |       |    38 |       ||   138
       Searing Ray       |     1 |    11 |    56 |    82 |       ||   150
       Vampiric Draining |       |       |       |    61 |     2 ||    63
       Borgnjor's Vile C |       |       |       |    15 |    14 ||    29
 Abil: Dig               |       |       |       |     4 |     1 ||     5
       Shaft Self        |       |       |       |     1 |       ||     1
  Use: Scroll            |       |     2 |     4 |    10 |       ||    16
 Stab: Sleeping          |       |     1 |       |     6 |       ||     7
       Confused          |       |       |       |     2 |       ||     2
Armor: Robe              |     4 |    13 |     1 |       |       ||    18
       Ring mail         |       |       |    89 |     5 |       ||    94
       Troll leather arm |       |       |       |   285 |    21 ||   306
Dodge: Dodged            |    20 |    32 |   114 |   451 |    40 ||   657
Block: Other             |       |     6 |     4 |       |       ||    10
       Reflection        |       |     1 |       |       |       ||     1
       Buckler           |       |       |    56 |     2 |       ||    58
       Kite shield       |       |       |       |   579 |    64 ||   643
